Workbook

Sheet Página Inicial
A1: Controle de Receitas e Despesas
A5: A Planilha de Controle de Receitas e Despesas - Empresarial e Pessoal tem como ideia principal lhe incentivar a ter uma rotina de anotar todos os Controles de uma forma mais simples.
A6: Na mesma planilha tem o Controle da Pessoa Jurídica bem como da Pessoa Física, onde cada retirada feita pelo sócio é só digitar na opção 5 - Retiradas – Sócio, que automaticamente vai para Controle Casa.
A7: Nessa planilha dividimos em alguns Grupos, com intuito maior de você conseguir ver os valores por grupo, não estamos nesse momento preocupados com tipo de despesas diretas, indiretas, custos ou alguma outra denominação. A ideia maior é você criar o hábito de anotar tudo, e ai sim, começar a ter noção dos números, e no futuro conseguir evoluir.
A8: E finalizando, existe várias formas de analisar as números, e a adotada nessa planilha é a forma simples que achamos para lhe demostrar. : )
A9: Boa sorte !!! E #tomadeconta
B12: Controle da Empresa | E12: Fundo Fixo Empresa | H12: Investimentos Empresa
B15: Controle - Pessoal | E15: Fundo Fixo Pessoal | H15: Investimentos Pessoal
F20: www.tomadeconta.com.br

Sheet Instruções
A1: Instruções para utilização da Planilha
A5: Planilha bem simples de utilizar. Basta digitar Dia, Descrição da Receita ou da Despesa e o valor.
A6: e a parte principal digitar C para pagamentos feitos pelo Caixa e B para pagamentos feitos pelo Banco.
A7: Depois é só fazer as devidas análises. Boa Sorte !!!
F12: www.tomadeconta.com.br

Sheet -#-

Sheet Controle Empresa
A1: Planilha de Controle Mensal ( Receitas / Despesas ) - Empresa
A2: Mês: | C2: 46023 | G2: Saldo Inicial Mês - Caixa | K2: 0
G3: Saldo Inicial Mês - Banco | K3: 0
A5: Receitas | E5: Despesas - Grupo 1 | I5: Despesas - Grupo 2
A6: Dia | B6: Descrição | C6: Valor (R$) | D6: .C / B | E6: Dia | F6: Descrição | G6: Valor (R$) | H6: .C / B | I6: Dia | J6: Descrição | K6: Valor (R$) | L6: .C / B
E7: 1 - Despesas Administrativas | I7: 6 - Material de Expediente, Consumo e Limpeza
E8: % | F8: =IF(G8=0,"",G8/I67) | G8: =SUM(G9:G28) -> 0 | H8: T | I8: % | J8: =IF(K8=0,"",K8/I67) | K8: =SUM(K9:K28) -> 0 | L8: T
F9: Aluguel | J9: Material de Expediente | N9: Site do projeto:
F10: Celular Empresa | J10: Recarga Cartucho | N10: www.tomadeconta.com.br
F11: Combustível | J11: Água Mineral
F12: Condomínio | J12: Limpeza Sala
F13: E-mails | J13: Copa e cozinha
F14: Energia | J14: Material Limpeza | N14: Saldo Final - Caixa
F15: Pró-labore | J15: Farmácia
F16: Seguro de Vida | N16: =C68 -> 0
F17: Sistema Financeiro
F18: Telefone + Internet | N18: Saldo Final - Banco
F20: Tarifas Boletos | N20: =C69 -> 0
F21: Tarifas Bancárias
N22: Total:
N23: =N16+N20 -> 0
E29: 2 - Impostos | I29: 7 - Outras despesas
E30: % | F30: =IF(G30=0,"",G30/I67) | G30: =SUM(G31:G36) -> 0 | H30: T | I30: % | J30: =IF(K30=0,"",K30/I67) | K30: =SUM(K31:K36) -> 0 | L30: T
F31: Das - Simples Nacional | H31: B
H32: B
H33: B
H34: B
H35: B
H36: B
E37: 3 - Funcionários / Prestador de Serviços / Encargos | I37: 8 - Manutenção equipamentos / outras
E38: % | F38: =IF(G38=0,"",G38/I67) | G38: =SUM(G39:G51) -> 0 | H38: T | I38: % | J38: =IF(K38=0,"",K38/I67) | K38: =SUM(K39:K51) -> 0 | L38: T
F39: Salários colaboradores
F40: Vale transporte | J40: Conserto Ar Cond
F41: Vale refeição
F42: Plano de Saúde
F43: FGTS
F44: INSS
F45: Rescisões / provisões
F46: Férias / provisões
E52: 4 - Investimentos / Outros | I52: 9 -Pg contas terceiros
E53: % | F53: =IF(G53=0,"",G53/I67) | G53: =SUM(G54:G61) -> 0 | H53: T | I53: % | J53: =IF(K53=0,"",K53/I67) | K53: =SUM(K54:K61) -> 0 | L53: T
E62: 5 - Retiradas - Sócio | I62: 10 - Despesas pequenos valores
E63: % | F63: =IF(G63=0,"",G63/I67) | G63: =G64+G65 -> 0 | H63: T
E64: Pg em Dinheiro | G64: 0 | H64: C | I64: % | J64: =IF(K64=0,"",K64/I67) | K64: =K65 -> 0 | L64: T
E65: Pg em Banco | G65: 0 | H65: B | J65: Fundo Fixo | K65: ='Fundo Fixo - Empresa'!G51 -> 0 | L65: B
A66: Total Receitas: | C66: =SUM(C7:C65) -> 0 | E66: Total: | G66: =G63+G53+G38+G30+G8 -> 0 | I66: Total: | K66: =K8+K30+K38+K53+K64 -> 0
A67: * C / B = C (Caixa) / B (Banco) | E67: Despesas - Grupo 1 e Grupo 2 | I67: =G66+K66 -> 0
A68: Saldo Final - Caixa | C68: =K2+Formulas!C2-Formulas!K6+'Fundo Fixo - Empresa'!G6+'Fundo Fixo - Empresa'!G11+'Fundo Fixo - Empresa'!G12+'Fundo Fixo - Empresa'!G13-'Fundo Fixo - Empresa'!G8-'Fundo Fixo - Empresa'!G7-'Fundo Fixo - Empresa'!G10 -> 0 | D68: =IF(Formulas!B5=Formulas!B7,""," Atenção - Erro ")
A69: Saldo Final - Banco | C69: =K3+Formulas!C3-Formulas!K7-'Fundo Fixo - Empresa'!G6-'Fundo Fixo - Empresa'!G9+'Fundo Fixo - Empresa'!G14+'Fundo Fixo - Empresa'!G15+'Fundo Fixo - Empresa'!G7 -> 0 | G69: Saldo Final (Sal. In + Receita - Despesa ) | K69: =(K2+K3+C66-I67)+'Fundo Fixo - Empresa'!G11+'Fundo Fixo - Empresa'!G12+'Fundo Fixo - Empresa'!G13+'Fundo Fixo - Empresa'!G14+'Fundo Fixo - Empresa'!G15-'Fundo Fixo - Empresa'!G9-'Fundo Fixo - Empresa'!G8-'Fundo Fixo - Empresa'!G10 -> 0
A70: Total: | C70: =SUM(C68:C69) -> 0 | D70: =IF(Formulas!B5=Formulas!B7,"","< Verificar Diferença >")
A72: Demonstração dos Resultado do Mês
C74: Discriminação | G74: Valores | K74: Em percentuais
C75: Receita Mensal | G75: =C66 -> 0
C76: Despesa Mensal - Retiradas | G76: =I67-G63 -> 0 | J76: Receitas versus despesas | K76: =G76/G75 -> #DIV/0!
C78: Resultado 1 antes retirada | G78: =G75-G76 -> 0 | J78: Resultado | K78: =G78/G75 -> #DIV/0!
F80: Retirada Sócio | G80: =G63 -> 0 | J80: Retirada | K80: =G80/G75 -> #DIV/0!
C82: Resultado 2 após retirada | G82: =G78-G80 -> 0 | J82: Lucro 1 | K82: =G82/G75 -> #DIV/0!
C84: Provisões mensais | F84: Colaboradores | G84: 0
F85: Investimentos | G85: 0 | J85: =IF(G82="","",IF(G82<0,"Projeto Toma de Conta Informa:",IF(G82=0,"Projeto Toma de Conta Informa:","Projeto Toma de Conta Informa:"))) -> Projeto Toma de Conta Informa:
G86: 0
D87: Total | G87: =SUM(G84:G86) -> 0 | J87: =IF(G82="","",IF(G82<0,"Atenção - Resultado Mensal Negativo",IF(G82=0,"Nem Positivo nem Negativo - No Limite","Parabéns - Resultado Mensal Positivo"))) -> Nem Positivo nem Negativo - No Limite
F89: Lucro após provisões | G89: =G82-G87 -> 0
C91: Resultado 3 | F91: Total 1 | G91: =G89+G90 -> 0
B94: Resumo - Comparativo entre Orçado Versus Realizado - Resumo
B97: Discriminação | E97: % | F97: Realizado
B98: =E7 -> 1 - Despesas Administrativas | E98: =F8 | F98: =G8 -> 0
B99: =E29 -> 2 - Impostos | E99: =F30 | F99: =G30 -> 0
B100: =E37 -> 3 - Funcionários / Prestador de Serviços / Encargos | E100: =F38 | F100: =G38 -> 0
B101: =E52 -> 4 - Investimentos / Outros | E101: =F53 | F101: =G53 -> 0
B102: =E62 -> 5 - Retiradas - Sócio | E102: =F63 | F102: =G63 -> 0
B103: =I7 -> 6 - Material de Expediente, Consumo e Limpeza | E103: =J8 | F103: =K8 -> 0
B104: =I29 -> 7 - Outras despesas | E104: =J30 | F104: =K30 -> 0
B105: =I37 -> 8 - Manutenção equipamentos / outras | E105: =J38 | F105: =K38 -> 0
B106: =I52 -> 9 -Pg contas terceiros | E106: =J53 | F106: =K53 -> 0
B107: =I62 -> 10 - Despesas pequenos valores | E107: =J64 | F107: =K64 -> 0
B108: Total | E108: =SUM(E98:E107) -> 0 | F108: =SUM(F98:F107) -> 0
A112: Gráficos
F132: Projeto Social
F134: www.tomadeconta.com.br

Sheet Fundo Fixo - Empresa
A1: Controle - Fundo Fixo (Despesas de Pequeno valor) - Empresa
A3: Mês: | C3: ='Controle Empresa'!C2 -> 46023
A5: Data | B5: Discriminação - Entradas Diversas não relacionadas as Receitas | G5: Valor – R$
A6: Diversos | C6: Sacado do Banco para Caixa
A7: Diversos | C7: Transferido do Caixa para o Banco
A8: Diversos | C8: Despesas de Terceiros paga no Caixa
A9: Diversos | C9: Despesas de Terceiros pago no Banco
C10: Ajuda
B11: Caixa
B12: Caixa
B13: Caixa
B14: Banco
B15: Banco
A17: Data | B17: Discriminação - Despesas | G17: Valor – R$
A51: Total Saídas: | G51: =SUM(G18:G50) -> 0

Sheet Formulas
A1: Receitas | E1: Despesas Fixas | I1: Despesas Variáveis
A2: Caixa | C2: =C69 -> 0 | E2: Caixa | G2: =G69 -> 0 | I2: Caixa | K2: =K69 -> 0
A3: Banco | C3: =C131 -> 0 | E3: Banco | G3: =G131 -> 0 | I3: Banco | K3: =K131 -> 0
B5: =ROUND('Controle Empresa'!C70,2) -> 0 | I5: Despesas Total
I6: Caixa | K6: =G2+K2 -> 0
B7: =ROUND('Controle Empresa'!K69,2) -> 0 | I7: Banco | K7: =G3+K3 -> 0
A9: Receita Caixa | E9: Despesas Fixas - Caixa | I9: Despesas Variáveis - Caixa
C10: =IF('Controle Empresa'!D7="c",'Controle Empresa'!C7,"0") -> 0 | G10: Sem numeros | K10: Sem numeros
C11: =IF('Controle Empresa'!D8="c",'Controle Empresa'!C8,"0") -> 0 | G11: Sem numeros | K11: Sem numeros
C12: =IF('Controle Empresa'!D9="c",'Controle Empresa'!C9,"0") -> 0 | G12: =IF('Controle Empresa'!H9="c",'Controle Empresa'!G9,"0") -> 0 | K12: =IF('Controle Empresa'!L9="c",'Controle Empresa'!K9,"0") -> 0
C13: =IF('Controle Empresa'!D10="c",'Controle Empresa'!C10,"0") -> 0 | G13: =IF('Controle Empresa'!H10="c",'Controle Empresa'!G10,"0") -> 0 | K13: =IF('Controle Empresa'!L10="c",'Controle Empresa'!K10,"0") -> 0
C14: =IF('Controle Empresa'!D11="c",'Controle Empresa'!C11,"0") -> 0 | G14: =IF('Controle Empresa'!H11="c",'Controle Empresa'!G11,"0") -> 0 | K14: =IF('Controle Empresa'!L11="c",'Controle Empresa'!K11,"0") -> 0
C15: =IF('Controle Empresa'!D12="c",'Controle Empresa'!C12,"0") -> 0 | G15: =IF('Controle Empresa'!H12="c",'Controle Empresa'!G12,"0") -> 0 | K15: =IF('Controle Empresa'!L12="c",'Controle Empresa'!K12,"0") -> 0
C16: =IF('Controle Empresa'!D13="c",'Controle Empresa'!C13,"0") -> 0 | G16: =IF('Controle Empresa'!H13="c",'Controle Empresa'!G13,"0") -> 0 | K16: =IF('Controle Empresa'!L13="c",'Controle Empresa'!K13,"0") -> 0
C17: =IF('Controle Empresa'!D14="c",'Controle Empresa'!C14,"0") -> 0 | G17: =IF('Controle Empresa'!H14="c",'Controle Empresa'!G14,"0") -> 0 | K17: =IF('Controle Empresa'!L14="c",'Controle Empresa'!K14,"0") -> 0
C18: =IF('Controle Empresa'!D15="c",'Controle Empresa'!C15,"0") -> 0 | G18: =IF('Controle Empresa'!H15="c",'Controle Empresa'!G15,"0") -> 0 | K18: =IF('Controle Empresa'!L15="c",'Controle Empresa'!K15,"0") -> 0
C19: =IF('Controle Empresa'!D16="c",'Controle Empresa'!C16,"0") -> 0 | G19: =IF('Controle Empresa'!H16="c",'Controle Empresa'!G16,"0") -> 0 | K19: =IF('Controle Empresa'!L16="c",'Controle Empresa'!K16,"0") -> 0
C20: =IF('Controle Empresa'!D17="c",'Controle Empresa'!C17,"0") -> 0 | G20: =IF('Controle Empresa'!H17="c",'Controle Empresa'!G17,"0") -> 0 | K20: =IF('Controle Empresa'!L17="c",'Controle Empresa'!K17,"0") -> 0
C21: =IF('Controle Empresa'!D18="c",'Controle Empresa'!C18,"0") -> 0 | G21: =IF('Controle Empresa'!H18="c",'Controle Empresa'!G18,"0") -> 0 | K21: =IF('Controle Empresa'!L18="c",'Controle Empresa'!K18,"0") -> 0
C22: =IF('Controle Empresa'!D19="c",'Controle Empresa'!C19,"0") -> 0 | G22: =IF('Controle Empresa'!H19="c",'Controle Empresa'!G19,"0") -> 0 | K22: =IF('Controle Empresa'!L19="c",'Controle Empresa'!K19,"0") -> 0
C23: =IF('Controle Empresa'!D20="c",'Controle Empresa'!C20,"0") -> 0 | G23: =IF('Controle Empresa'!H20="c",'Controle Empresa'!G20,"0") -> 0 | K23: =IF('Controle Empresa'!L20="c",'Controle Empresa'!K20,"0") -> 0
... C31: =IF('Controle Empresa'!D28="c",'Controle Empresa'!C28,"0") -> 0 | G31: =IF('Controle Empresa'!H28="c",'Controle Empresa'!G28,"0") -> 0 | K31: =IF('Controle Empresa'!L28="c",'Controle Empresa'!K28,"0") -> 0
C32: =IF('Controle Empresa'!D29="c",'Controle Empresa'!C29,"0") -> 0 | G32: Sem numeros | K32: Sem numeros
C33: =IF('Controle Empresa'!D30="c",'Controle Empresa'!C30,"0") -> 0 | G33: Sem numeros | K33: Sem numeros
C34: =IF('Controle Empresa'!D31="c",'Controle Empresa'!C31,"0") -> 0 | G34: =IF('Controle Empresa'!H31="c",'Controle Empresa'!G31,"0") -> 0 | K34: =IF('Controle Empresa'!L31="c",'Controle Empresa'!K31,"0") -> 0
C35: =IF('Controle Empresa'!D32="c",'Controle Empresa'!C32,"0") -> 0 | G35: =IF('Controle Empresa'!H32="c",'Controle Empresa'!G32,"0") -> 0 | K35: =IF('Controle Empresa'!L32="c",'Controle Empresa'!K32,"0") -> 0
C36: =IF('Controle Empresa'!D33="c",'Controle Empresa'!C33,"0") -> 0 | G36: =IF('Controle Empresa'!H33="c",'Controle Empresa'!G33,"0") -> 0 | K36: =IF('Controle Empresa'!L33="c",'Controle Empresa'!K33,"0") -> 0
C37: =IF('Controle Empresa'!D34="c",'Controle Empresa'!C34,"0") -> 0 | G37: =IF('Controle Empresa'!H34="c",'Controle Empresa'!G34,"0") -> 0 | K37: =IF('Controle Empresa'!L34="c",'Controle Empresa'!K34,"0") -> 0
C38: =IF('Controle Empresa'!D35="c",'Controle Empresa'!C35,"0") -> 0 | G38: =IF('Controle Empresa'!H35="c",'Controle Empresa'!G35,"0") -> 0 | K38: =IF('Controle Empresa'!L35="c",'Controle Empresa'!K35,"0") -> 0
C39: =IF('Controle Empresa'!D36="c",'Controle Empresa'!C36,"0") -> 0 | G39: =IF('Controle Empresa'!H36="c",'Controle Empresa'!G36,"0") -> 0 | K39: =IF('Controle Empresa'!L36="c",'Controle Empresa'!K36,"0") -> 0
C40: =IF('Controle Empresa'!D37="c",'Controle Empresa'!C37,"0") -> 0 | G40: Sem numeros | K40: Sem numeros
C41: =IF('Controle Empresa'!D38="c",'Controle Empresa'!C38,"0") -> 0 | G41: Sem numeros | K41: Sem numeros
C42: =IF('Controle Empresa'!D39="c",'Controle Empresa'!C39,"0") -> 0 | G42: =IF('Controle Empresa'!H39="c",'Controle Empresa'!G39,"0") -> 0 | K42: =IF('Controle Empresa'!L39="c",'Controle Empresa'!K39,"0") -> 0
C43: =IF('Controle Empresa'!D40="c",'Controle Empresa'!C40,"0") -> 0 | G43: =IF('Controle Empresa'!H40="c",'Controle Empresa'!G40,"0") -> 0 | K43: =IF('Controle Empresa'!L40="c",'Controle Empresa'!K40,"0") -> 0
C44: =IF('Controle Empresa'!D41="c",'Controle Empresa'!C41,"0") -> 0 | G44: =IF('Controle Empresa'!H41="c",'Controle Empresa'!G41,"0") -> 0 | K44: =IF('Controle Empresa'!L41="c",'Controle Empresa'!K41,"0") -> 0
C45: =IF('Controle Empresa'!D42="c",'Controle Empresa'!C42,"0") -> 0 | G45: =IF('Controle Empresa'!H42="c",'Controle Empresa'!G42,"0") -> 0 | K45: =IF('Controle Empresa'!L42="c",'Controle Empresa'!K42,"0") -> 0
C46: =IF('Controle Empresa'!D43="c",'Controle Empresa'!C43,"0") -> 0 | G46: =IF('Controle Empresa'!H43="c",'Controle Empresa'!G43,"0") -> 0 | K46: =IF('Controle Empresa'!L43="c",'Controle Empresa'!K43,"0") -> 0
C47: =IF('Controle Empresa'!D44="c",'Controle Empresa'!C44,"0") -> 0 | G47: =IF('Controle Empresa'!H44="c",'Controle Empresa'!G44,"0") -> 0 | K47: =IF('Controle Empresa'!L44="c",'Controle Empresa'!K44,"0") -> 0
C48: =IF('Controle Empresa'!D45="c",'Controle Empresa'!C45,"0") -> 0 | G48: =IF('Controle Empresa'!H45="c",'Controle Empresa'!G45,"0") -> 0 | K48: =IF('Controle Empresa'!L45="c",'Controle Empresa'!K45,"0") -> 0
C49: =IF('Controle Empresa'!D46="c",'Controle Empresa'!C46,"0") -> 0 | G49: =IF('Controle Empresa'!H46="c",'Controle Empresa'!G46,"0") -> 0 | K49: =IF('Controle Empresa'!L46="c",'Controle Empresa'!K46,"0") -> 0
C50: =IF('Controle Empresa'!D47="c",'Controle Empresa'!C47,"0") -> 0 | G50: =IF('Controle Empresa'!H47="c",'Controle Empresa'!G47,"0") -> 0 | K50: =IF('Controle Empresa'!L47="c",'Controle Empresa'!K47,"0") -> 0
C51: =IF('Controle Empresa'!D48="c",'Controle Empresa'!C48,"0") -> 0 | G51: =IF('Controle Empresa'!H48="c",'Controle Empresa'!G48,"0") -> 0 | K51: =IF('Controle Empresa'!L48="c",'Controle Empresa'!K48,"0") -> 0
C52: =IF('Controle Empresa'!D49="c",'Controle Empresa'!C49,"0") -> 0 | G52: =IF('Controle Empresa'!H49="c",'Controle Empresa'!G49,"0") -> 0 | K52: =IF('Controle Empresa'!L49="c",'Controle Empresa'!K49,"0") -> 0
C53: =IF('Controle Empresa'!D50="c",'Controle Empresa'!C50,"0") -> 0 | G53: =IF('Controle Empresa'!H50="c",'Controle Empresa'!G50,"0") -> 0 | K53: =IF('Controle Empresa'!L50="c",'Controle Empresa'!K50,"0") -> 0
C54: =IF('Controle Empresa'!D51="c",'Controle Empresa'!C51,"0") -> 0 | G54: =IF('Controle Empresa'!H51="c",'Controle Empresa'!G51,"0") -> 0 | K54: =IF('Controle Empresa'!L51="c",'Controle Empresa'!K51,"0") -> 0
C55: =IF('Controle Empresa'!D52="c",'Controle Empresa'!C52,"0") -> 0 | G55: Sem numeros | K55: Sem numeros
C56: =IF('Controle Empresa'!D53="c",'Controle Empresa'!C53,"0") -> 0 | G56: Sem numeros | K56: Sem numeros
C57: =IF('Controle Empresa'!D54="c",'Controle Empresa'!C54,"0") -> 0 | G57: =IF('Controle Empresa'!H54="c",'Controle Empresa'!G54,"0") -> 0 | K57: =IF('Controle Empresa'!L54="c",'Controle Empresa'!K54,"0") -> 0
C58: =IF('Controle Empresa'!D55="c",'Controle Empresa'!C55,"0") -> 0 | G58: =IF('Controle Empresa'!H55="c",'Controle Empresa'!G55,"0") -> 0 | K58: =IF('Controle Empresa'!L55="c",'Controle Empresa'!K55,"0") -> 0
C59: =IF('Controle Empresa'!D56="c",'Controle Empresa'!C56,"0") -> 0 | G59: =IF('Controle Empresa'!H56="c",'Controle Empresa'!G56,"0") -> 0 | K59: =IF('Controle Empresa'!L56="c",'Controle Empresa'!K56,"0") -> 0
C60: =IF('Controle Empresa'!D57="c",'Controle Empresa'!C57,"0") -> 0 | G60: =IF('Controle Empresa'!H57="c",'Controle Empresa'!G57,"0") -> 0 | K60: =IF('Controle Empresa'!L57="c",'Controle Empresa'!K57,"0") -> 0
C61: =IF('Controle Empresa'!D58="c",'Controle Empresa'!C58,"0") -> 0 | G61: =IF('Controle Empresa'!H58="c",'Controle Empresa'!G58,"0") -> 0 | K61: =IF('Controle Empresa'!L58="c",'Controle Empresa'!K58,"0") -> 0
C62: =IF('Controle Empresa'!D59="c",'Controle Empresa'!C59,"0") -> 0 | G62: =IF('Controle Empresa'!H59="c",'Controle Empresa'!G59,"0") -> 0 | K62: =IF('Controle Empresa'!L59="c",'Controle Empresa'!K59,"0") -> 0
C63: =IF('Controle Empresa'!D60="c",'Controle Empresa'!C60,"0") -> 0 | G63: =IF('Controle Empresa'!H60="c",'Controle Empresa'!G60,"0") -> 0 | K63: =IF('Controle Empresa'!L60="c",'Controle Empresa'!K60,"0") -> 0
C64: =IF('Controle Empresa'!D61="c",'Controle Empresa'!C61,"0") -> 0 | G64: =IF('Controle Empresa'!H61="c",'Controle Empresa'!G61,"0") -> 0 | K64: =IF('Controle Empresa'!L61="c",'Controle Empresa'!K61,"0") -> 0
C65: =IF('Controle Empresa'!D62="c",'Controle Empresa'!C62,"0") -> 0 | G65: Sem numeros | K65: Sem numeros
C66: =IF('Controle Empresa'!D63="c",'Controle Empresa'!C63,"0") -> 0 | G66: Sem numeros | K66: Sem numeros
C67: =IF('Controle Empresa'!D64="c",'Controle Empresa'!C64,"0") -> 0 | G67: =IF('Controle Empresa'!H64="c",'Controle Empresa'!G64,"0") -> 0 | K67: Sem numeros
C68: =IF('Controle Empresa'!D65="c",'Controle Empresa'!C65,"0") -> 0 | G68: =IF('Controle Empresa'!H65="c",'Controle Empresa'!G65,"0") -> 0 | K68: =IF('Controle Empresa'!L65="c",'Controle Empresa'!K65,"0") -> 0
A69: Caixa | C69: =SUM(C10:C68) -> 0 | E69: Caixa | G69: =SUM(G10:G68) -> 0 | I69: Caixa | K69: =SUM(K10:K68) -> 0
A71: Receita Banco | E71: Despesas Fixas - Banco | I71: Despesas Variáveis - Banco
C72: =IF('Controle Empresa'!D7=0,"",IF(C10="0",'Controle Empresa'!C7)) | G72: =IF('Controle Empresa'!H7=0,"",IF(G10="0",'Controle Empresa'!G7)) | K72: =IF('Controle Empresa'!L7=0,"",IF(K10="0",'Controle Empresa'!K7))
C73: =IF('Controle Empresa'!D8=0,"",IF(C11="0",'Controle Empresa'!C8)) | G73: =IF('Controle Empresa'!H8=0,"",IF(G11="0",'Controle Empresa'!G8)) -> FALSE | K73: =IF('Controle Empresa'!L8=0,"",IF(K11="0",'Controle Empresa'!K8)) -> FALSE
C74: =IF('Controle Empresa'!D9=0,"",IF(C12="0",'Controle Empresa'!C9)) | G74: =IF('Controle Empresa'!H9=0,"",IF(G12="0",'Controle Empresa'!G9)) | K74: =IF('Controle Empresa'!L9=0,"",IF(K12="0",'Controle Empresa'!K9))
C75: =IF('Controle Empresa'!D10=0,"",IF(C13="0",'Controle Empresa'!C10)) | G75: =IF('Controle Empresa'!H10=0,"",IF(G13="0",'Controle Empresa'!G10)) | K75: =IF('Controle Empresa'!L10=0,"",IF(K13="0",'Controle Empresa'!K10))
C76: =IF('Controle Empresa'!D11=0,"",IF(C14="0",'Controle Empresa'!C11)) | G76: =IF('Controle Empresa'!H11=0,"",IF(G14="0",'Controle Empresa'!G11)) | K76: =IF('Controle Empresa'!L11=0,"",IF(K14="0",'Controle Empresa'!K11))
C77: =IF('Controle Empresa'!D12=0,"",IF(C15="0",'Controle Empresa'!C12)) | G77: =IF('Controle Empresa'!H12=0,"",IF(G15="0",'Controle Empresa'!G12)) | K77: =IF('Controle Empresa'!L12=0,"",IF(K15="0",'Controle Empresa'!K12))
C78: =IF('Controle Empresa'!D13=0,"",IF(C16="0",'Controle Empresa'!C13)) | G78: =IF('Controle Empresa'!H13=0,"",IF(G16="0",'Controle Empresa'!G13)) | K78: =IF('Controle Empresa'!L13=0,"",IF(K16="0",'Controle Empresa'!K13))
C79: =IF('Controle Empresa'!D14=0,"",IF(C17="0",'Controle Empresa'!C14)) | G79: =IF('Controle Empresa'!H14=0,"",IF(G17="0",'Controle Empresa'!G14)) | K79: =IF('Controle Empresa'!L14=0,"",IF(K17="0",'Controle Empresa'!K14))
C80: =IF('Controle Empresa'!D15=0,"",IF(C18="0",'Controle Empresa'!C15)) | G80: =IF('Controle Empresa'!H15=0,"",IF(G18="0",'Controle Empresa'!G15)) | K80: =IF('Controle Empresa'!L15=0,"",IF(K18="0",'Controle Empresa'!K15))
C81: =IF('Controle Empresa'!D16=0,"",IF(C19="0",'Controle Empresa'!C16)) | G81: =IF('Controle Empresa'!H16=0,"",IF(G19="0",'Controle Empresa'!G16)) | K81: =IF('Controle Empresa'!L16=0,"",IF(K19="0",'Controle Empresa'!K16))
C82: =IF('Controle Empresa'!D17=0,"",IF(C20="0",'Controle Empresa'!C17)) | G82: =IF('Controle Empresa'!H17=0,"",IF(G20="0",'Controle Empresa'!G17)) | K82: =IF('Controle Empresa'!L17=0,"",IF(K20="0",'Controle Empresa'!K17))
C83: =IF('Controle Empresa'!D18=0,"",IF(C21="0",'Controle Empresa'!C18)) | G83: =IF('Controle Empresa'!H18=0,"",IF(G21="0",'Controle Empresa'!G18)) | K83: =IF('Controle Empresa'!L18=0,"",IF(K21="0",'Controle Empresa'!K18))
... C130: =IF('Controle Empresa'!D65=0,"",IF(C68="0",'Controle Empresa'!C65)) | G130: =IF('Controle Empresa'!H65=0,"",IF(G68="0",'Controle Empresa'!G65)) -> 0 | K130: =IF('Controle Empresa'!L65=0,"",IF(K68="0",'Controle Empresa'!K65)) -> 0
A131: Banco | C131: =SUM(C72:C130) -> 0 | E131: Banco | G131: =SUM(G72:G130) -> 0 | I131: Banco | K131: =SUM(K72:K130) -> 0

Sheet Investimentos Empresa
A1: Planilha de Controle Mensal - Investimentos - Empresa
A2: Saldo Inicial Mês | J2: 0
A3: Mês: | C3: 46023
A4: Controle Saldo Banco
A5: Nome dos investimentos | G5: Acumulado | H5: =C3 -> 46023 | J5: Saldo a transferir
A6: Investimento Nubank | J6: =G6+H6 -> 0
A7: Dinheiro escondido | J7: =G7+H7 -> 0
J8: =G8+H8 -> 0
J9: =G9+H9 -> 0
J10: =G10+H10 -> 0
A11: Total 01 | G11: =SUM(G6:G10) -> 0 | H11: =SUM(H6:H10) -> 0 | J11: =SUM(J6:K10) -> 0

Sheet --#--

Sheet Controle - Pessoal
A1: Planilha de Controle Mensal ( Receitas / Despesas ) - Pessoal
A2: Mês: | C2: ='Controle Empresa'!C2:F3 -> 46023 | G2: Saldo Inicial Mês - Caixa | K2: 0 | U2: 2000
G3: Saldo Inicial Mês - Banco | K3: 0 | U3: 1500
A5: Receitas | E5: Despesas - Grupo 1 | I5: Despesas - Grupo 2 | U5: =5585.07-3500 -> 2085.07
A6: Dia | B6: Descrição | C6: Valor (R$) | D6: .C / B | E6: Dia | F6: Descrição | G6: Valor (R$) | H6: .C / B | I6: Dia | J6: Descrição | K6: Valor (R$) | L6: .C / B
A7: D | B7: Recebimento Dinheiro | C7: ='Controle Empresa'!G64 -> 0 | D7: C | E7: 1) Habitação = | I7: 5) Despesas pessoais =
W8: =IF(U9<5000,"Dentro do limite - R$ 5.585,07",IF(U9<5585.07,"Cuidado - proximo ao Limite",IF(U9=5585.07,"Limite do Orçado - R$ 5.585,07","Passou do LIMITE - BUMMM"))) -> Limite do Orçado - R$ 5.585,07
A9: D | B9: Recebimento Banco | C9: ='Controle Empresa'!G65 -> 0 | D9: B | E9: % | F9: =IF(G9=0,"",G9/I62) | G9: =SUM(G10:G21) -> 0 | H9: T | I9: % | J9: =IF(K9=0,"",K9/I62) | K9: =SUM(K10:K21) -> 0 | L9: T | N9: Site do projeto: | U9: =SUM(U2:U7) -> 5585.07
F10: Condomínio | J10: Academia / Esporte | N10: www.tomadeconta.com.br
F11: Aluguel | J11: Salão de Beleza
F12: Energia Elétrica | J12: Vestuário
F13: FGTS / INSS (Esocial) | W13: =IF(Y14<5000,"Dentro do limite - R$ 5.585,07",IF(Y14<5585.07,"Cuidado - proximo ao Limite",IF(Y14=5585.07,"Limite do Orçado - R$ 5.585,07","Passou do LIMITE - BUMMM"))) -> Dentro do limite - R$ 5.585,07
F14: Internet
F15: IPTU / Outras taxas - | N15: Saldo Final - Caixa
F16: Manutenção Geral
F17: TV Assinatura | N17: =C63 -> 0
F18: Salário
F19: 13 Salário | N19: Saldo Final - Banco
F20: VT Sindioninus
N21: =C64 -> 0
E22: 2) Alimentação = | I22: 6) Educação =
N23: Total:
E24: % | F24: =IF(G24=0,"",G24/I62) | G24: =SUM(G25:G32) -> 0 | H24: T | I24: % | J24: =IF(K24=0,"",K24/I62) | K24: =SUM(K25:K32) -> 0 | L24: T | N24: =N17+N21 -> 0
F25: Refeiç - Almoço | J25: Colégio
F26: Refeiç - Jantar | J26: Faculdade
F27: Superm - Dia a dia | J27: Inglês
F28: Superm - Mensal
F29: Carnes peixes frango
F30: Merenda / Outros
F31: Diversos Caixinha
E33: 3) Saúde = | I33: 7) Lazer =
E35: % | F35: =IF(G35=0,"",G35/I62) | G35: =SUM(G36:G41) -> 0 | H35: T | I35: % | J35: =IF(K35=0,"",K35/I62) | K35: =SUM(K36:K41) -> 0 | L35: T
F36: Dentista | J36: Lazer
F37: Farmácia | J37: Restaur. / Bares -
F38: Plano de Saúde | J38: Viagens (Hosped, etc)
E42: 4) Transporte = | I42: 8) Desp Variaveis / Outros
E44: % | F44: =IF(G44=0,"",G44/I62) | G44: =SUM(G45:G60) -> 0 | I44: % | J44: =IF(K44=0,"",K44/I62) | K44: =SUM(K45:K49) -> 0 | L44: T
F45: Estacionamento - | J45: Presentes
F46: IPVA + Seg Obrigatório | J46: Tarifas Bancárias
F47: Lavagens
F48: Mecânico
F49: Gasolina
F50: Seguro Carro | I50: 9) Desp. Extraordinaria =
F51: Taxi
I52: % | J52: =IF(K52=0,"",K52/I62) | K52: =SUM(K53:K60) -> 0 | L52: T
A61: Total Receitas: | C61: =SUM(C7:C60) -> 0 | E61: Total: | G61: =G9+G24+G35+G44 -> 0 | I61: Total: | K61: =K9+K24+K35+K44+K52 -> 0
A62: * C / B = C (Caixa) / B (Banco) | E62: Despesas - Grupo 1 e Grupo 2 | I62: =G61+K61 -> 0
A63: Saldo Final - Caixa | C63: =K2+'(Formulas - Casa)'!C2-'(Formulas - Casa)'!K6+'Fundo Fixo - Pessoal'!G6+'Fundo Fixo - Pessoal'!G11+'Fundo Fixo - Pessoal'!G12+'Fundo Fixo - Pessoal'!G13-'Fundo Fixo - Pessoal'!G8-'Fundo Fixo - Pessoal'!G7-'Fundo Fixo - Pessoal'!G10 -> 0 | D63: =IF('(Formulas - Casa)'!B5='(Formulas - Casa)'!B7,""," Atenção - Erro ")
A64: Saldo Final - Banco | C64: =K3+'(Formulas - Casa)'!C3-'(Formulas - Casa)'!K7-'Fundo Fixo - Pessoal'!G6-'Fundo Fixo - Pessoal'!G9+'Fundo Fixo - Pessoal'!G14+'Fundo Fixo - Pessoal'!G15+'Fundo Fixo - Pessoal'!G7 -> 0 | G64: Saldo Final (Sal. In + Receita - Despesa ) | K64: =(K2+K3+C61-I62)+'Fundo Fixo - Pessoal'!G11+'Fundo Fixo - Pessoal'!G12+'Fundo Fixo - Pessoal'!G13+'Fundo Fixo - Pessoal'!G14+'Fundo Fixo - Pessoal'!G15-'Fundo Fixo - Pessoal'!G9-'Fundo Fixo - Pessoal'!G8-'Fundo Fixo - Pessoal'!G10 -> 0 | O64: =C65-K64 -> 0
C65: =SUM(C63:C64) -> 0 | D65: =IF('(Formulas - Casa)'!B5='(Formulas - Casa)'!B7,"","< Verificar Diferença >")
A67: Demonstração dos Resultado do Mês e suas destinações
F69: Discriminação | G69: Valores | J69: =IF(G73="","",IF(G73<0,"Projeto Toma de Conta Informa:",IF(G73=0,"Projeto Toma de Conta Informa:","Projeto Toma de Conta Informa:"))) -> Projeto Toma de Conta Informa:
F70: Receita Mensal | G70: =C61 -> 0
F71: Despesa Mensal | G71: =I62 -> 0 | J71: =IF(G73="","",IF(G73<0,"Atenção - Resultado Mensal Negativo",IF(G73=0,"Nem Positivo nem Negativo - No Limite","Parabéns - Resultado Mensal Positivo"))) -> Nem Positivo nem Negativo - No Limite
E73: Diferença Salário x Despesas | G73: =G70-G71 -> 0
E75: Economizou mensal | G75: =G73/G70 -> #DIV/0!
B78: Resumo - Comparativo entre Orçado Versus Realizado - Resumo
B81: Discriminação | E81: % | F81: Realizado - Mês
B82: =E7 -> 1) Habitação = | E82: =F9 | F82: =G9 -> 0
B83: =E22 -> 2) Alimentação = | E83: =F24 | F83: =G24 -> 0
B84: =E33 -> 3) Saúde = | E84: =F35 | F84: =G35 -> 0
B85: =E42 -> 4) Transporte = | E85: =F44 | F85: =G44 -> 0
B86: =I7 -> 5) Despesas pessoais = | E86: =J9 | F86: =K9 -> 0
B87: =I22 -> 6) Educação = | E87: =J24 | F87: =K24 -> 0
B88: =I33 -> 7) Lazer = | E88: =J35 | F88: =K35 -> 0
B89: =I42 -> 8) Desp Variaveis / Outros | E89: =J44 | F89: =K44 -> 0
B90: =I50 -> 9) Desp. Extraordinaria = | E90: =J52 | F90: =K52 -> 0
B91: Total | E91: =SUM(E82:E90) -> 0 | F91: =SUM(F82:F90) -> 0
A95: Gráficos
F115: Projeto Social
F118: www.tomadeconta.com.br

Sheet Fundo Fixo - Pessoal
A1: Controle - Fundo Fixo (Despesas de Pequeno valor) - Pessoal
A3: Mês: | C3: ='Controle - Pessoal'!C2 -> 46023
A5: Data | B5: Discriminação - Entradas Diversas não relacionadas as Receitas | G5: Valor – R$
A6: Diversos | C6: Sacado do Banco para Caixa | G6: 0
A7: Diversos | C7: Transferido do Caixa para o Banco
A8: Diversos | C8: Despesas de Terceiros paga no Caixa
A9: Diversos | C9: Despesas de Terceiros pago no Banco
C10: Ajuda
B11: Caixa
B12: Caixa
B13: Caixa
B14: Banco
B15: Banco
A17: Data | B17: Discriminação - Despesas | G17: Valor – R$
A54: Total Saídas: | G54: =SUM(G18:G53) -> 0

Sheet (Formulas - Casa)
A1: Receitas | E1: Despesas Fixas | I1: Despesas Variáveis
A2: Caixa | C2: =C66 -> 0 | E2: Caixa | G2: =G66 -> 0 | I2: Caixa | K2: =K66 -> 0
A3: Banco | C3: =C126 -> 0 | E3: Banco | G3: =G126 -> 0 | I3: Banco | K3: =K126 -> 0
B5: =ROUND('Controle - Pessoal'!C65,2) -> 0 | I5: Despesas Total
I6: Caixa | K6: =G2+K2 -> 0
B7: =ROUND('Controle - Pessoal'!K64,2) -> 0 | I7: Banco | K7: =G3+K3 -> 0
A9: Receita Caixa | E9: Despesas Fixas - Caixa | I9: Despesas Variáveis - Caixa
C10: =IF('Controle - Pessoal'!D5="c",'Controle - Pessoal'!C5,"0") -> 0 | G10: Sem numeros | K10: Sem numeros
C11: =IF('Controle - Pessoal'!D6="c",'Controle - Pessoal'!C6,"0") -> 0 | G11: Sem numeros | K11: Sem numeros
C12: =IF('Controle - Pessoal'!D7="c",'Controle - Pessoal'!C7,"0") -> 0 | G12: Sem numeros | K12: Sem numeros
C13: =IF('Controle - Pessoal'!D8="c",'Controle - Pessoal'!C8,"0") -> 0 | G13: =IF('Controle - Pessoal'!H10="c",'Controle - Pessoal'!G10,"0") -> 0 | K13: =IF('Controle - Pessoal'!L10="c",'Controle - Pessoal'!K10,"0") -> 0
C14: =IF('Controle - Pessoal'!D9="c",'Controle - Pessoal'!C9,"0") -> 0 | G14: =IF('Controle - Pessoal'!H11="c",'Controle - Pessoal'!G11,"0") -> 0 | K14: =IF('Controle - Pessoal'!L11="c",'Controle - Pessoal'!K11,"0") -> 0
C15: =IF('Controle - Pessoal'!D10="c",'Controle - Pessoal'!C10,"0") -> 0 | G15: =IF('Controle - Pessoal'!H12="c",'Controle - Pessoal'!G12,"0") -> 0 | K15: =IF('Controle - Pessoal'!L12="c",'Controle - Pessoal'!K12,"0") -> 0
C16: =IF('Controle - Pessoal'!D11="c",'Controle - Pessoal'!C11,"0") -> 0 | G16: =IF('Controle - Pessoal'!H13="c",'Controle - Pessoal'!G13,"0") -> 0 | K16: =IF('Controle - Pessoal'!L13="c",'Controle - Pessoal'!K13,"0") -> 0
C17: =IF('Controle - Pessoal'!D12="c",'Controle - Pessoal'!C12,"0") -> 0 | G17: =IF('Controle - Pessoal'!H14="c",'Controle - Pessoal'!G14,"0") -> 0 | K17: =IF('Controle - Pessoal'!L14="c",'Controle - Pessoal'!K14,"0") -> 0
C18: =IF('Controle - Pessoal'!D13="c",'Controle - Pessoal'!C13,"0") -> 0 | G18: =IF('Controle - Pessoal'!H15="c",'Controle - Pessoal'!G15,"0") -> 0 | K18: =IF('Controle - Pessoal'!L15="c",'Controle - Pessoal'!K15,"0") -> 0
C19: =IF('Controle - Pessoal'!D14="c",'Controle - Pessoal'!C14,"0") -> 0 | G19: =IF('Controle - Pessoal'!H16="c",'Controle - Pessoal'!G16,"0") -> 0 | K19: =IF('Controle - Pessoal'!L16="c",'Controle - Pessoal'!K16,"0") -> 0
C20: =IF('Controle - Pessoal'!D15="c",'Controle - Pessoal'!C15,"0") -> 0 | G20: =IF('Controle - Pessoal'!H17="c",'Controle - Pessoal'!G17,"0") -> 0 | K20: =IF('Controle - Pessoal'!L17="c",'Controle - Pessoal'!K17,"0") -> 0
C21: =IF('Controle - Pessoal'!D16="c",'Controle - Pessoal'!C16,"0") -> 0 | G21: =IF('Controle - Pessoal'!H18="c",'Controle - Pessoal'!G18,"0") -> 0 | K21: =IF('Controle - Pessoal'!L18="c",'Controle - Pessoal'!K18,"0") -> 0
C22: =IF('Controle - Pessoal'!D17="c",'Controle - Pessoal'!C17,"0") -> 0 | G22: =IF('Controle - Pessoal'!H19="c",'Controle - Pessoal'!G19,"0") -> 0 | K22: =IF('Controle - Pessoal'!L19="c",'Controle - Pessoal'!K19,"0") -> 0
C23: =IF('Controle - Pessoal'!D18="c",'Controle - Pessoal'!C18,"0") -> 0 | G23: =IF('Controle - Pessoal'!H20="c",'Controle - Pessoal'!G20,"0") -> 0 | K23: =IF('Controle - Pessoal'!L20="c",'Controle - Pessoal'!K20,"0") -> 0
C24: =IF('Controle - Pessoal'!D19="c",'Controle - Pessoal'!C19,"0") -> 0 | G24: =IF('Controle - Pessoal'!H21="c",'Controle - Pessoal'!G21,"0") -> 0 | K24: =IF('Controle - Pessoal'!L21="c",'Controle - Pessoal'!K21,"0") -> 0
C25: =IF('Controle - Pessoal'!D20="c",'Controle - Pessoal'!C20,"0") -> 0 | G25: Sem numeros | K25: Sem numeros
C26: =IF('Controle - Pessoal'!D21="c",'Controle - Pessoal'!C21,"0") -> 0 | G26: Sem numeros | K26: Sem numeros
C27: =IF('Controle - Pessoal'!D22="c",'Controle - Pessoal'!C22,"0") -> 0 | G27: Sem numeros | K27: Sem numeros
C28: =IF('Controle - Pessoal'!D23="c",'Controle - Pessoal'!C23,"0") -> 0 | G28: =IF('Controle - Pessoal'!H25="c",'Controle - Pessoal'!G25,"0") -> 0 | K28: =IF('Controle - Pessoal'!L25="c",'Controle - Pessoal'!K25,"0") -> 0
C29: =IF('Controle - Pessoal'!D24="c",'Controle - Pessoal'!C24,"0") -> 0 | G29: =IF('Controle - Pessoal'!H26="c",'Controle - Pessoal'!G26,"0") -> 0 | K29: =IF('Controle - Pessoal'!L26="c",'Controle - Pessoal'!K26,"0") -> 0
C30: =IF('Controle - Pessoal'!D25="c",'Controle - Pessoal'!C25,"0") -> 0 | G30: =IF('Controle - Pessoal'!H27="c",'Controle - Pessoal'!G27,"0") -> 0 | K30: =IF('Controle - Pessoal'!L27="c",'Controle - Pessoal'!K27,"0") -> 0
C31: =IF('Controle - Pessoal'!D26="c",'Controle - Pessoal'!C26,"0") -> 0 | G31: =IF('Controle - Pessoal'!H28="c",'Controle - Pessoal'!G28,"0") -> 0 | K31: =IF('Controle - Pessoal'!L28="c",'Controle - Pessoal'!K28,"0") -> 0
C32: =IF('Controle - Pessoal'!D27="c",'Controle - Pessoal'!C27,"0") -> 0 | G32: =IF('Controle - Pessoal'!H29="c",'Controle - Pessoal'!G29,"0") -> 0 | K32: =IF('Controle - Pessoal'!L29="c",'Controle - Pessoal'!K29,"0") -> 0
C33: =IF('Controle - Pessoal'!D28="c",'Controle - Pessoal'!C28,"0") -> 0 | G33: =IF('Controle - Pessoal'!H30="c",'Controle - Pessoal'!G30,"0") -> 0 | K33: =IF('Controle - Pessoal'!L30="c",'Controle - Pessoal'!K30,"0") -> 0
C34: =IF('Controle - Pessoal'!D29="c",'Controle - Pessoal'!C29,"0") -> 0 | G34: =IF('Controle - Pessoal'!H31="c",'Controle - Pessoal'!G31,"0") -> 0 | K34: =IF('Controle - Pessoal'!L31="c",'Controle - Pessoal'!K31,"0") -> 0
C35: =IF('Controle - Pessoal'!D30="c",'Controle - Pessoal'!C30,"0") -> 0 | G35: =IF('Controle - Pessoal'!H32="c",'Controle - Pessoal'!G32,"0") -> 0 | K35: =IF('Controle - Pessoal'!L32="c",'Controle - Pessoal'!K32,"0") -> 0
C36: =IF('Controle - Pessoal'!D31="c",'Controle - Pessoal'!C31,"0") -> 0 | G36: Sem numeros | K36: Sem numeros
C37: =IF('Controle - Pessoal'!D32="c",'Controle - Pessoal'!C32,"0") -> 0 | G37: Sem numeros | K37: Sem numeros
C38: =IF('Controle - Pessoal'!D33="c",'Controle - Pessoal'!C33,"0") -> 0 | G38: Sem numeros | K38: Sem numeros
C39: =IF('Controle - Pessoal'!D34="c",'Controle - Pessoal'!C34,"0") -> 0 | G39: =IF('Controle - Pessoal'!H36="c",'Controle - Pessoal'!G36,"0") -> 0 | K39: =IF('Controle - Pessoal'!L36="c",'Controle - Pessoal'!K36,"0") -> 0
C40: =IF('Controle - Pessoal'!D35="c",'Controle - Pessoal'!C35,"0") -> 0 | G40: =IF('Controle - Pessoal'!H37="c",'Controle - Pessoal'!G37,"0") -> 0 | K40: =IF('Controle - Pessoal'!L37="c",'Controle - Pessoal'!K37,"0") -> 0
C41: =IF('Controle - Pessoal'!D36="c",'Controle - Pessoal'!C36,"0") -> 0 | G41: =IF('Controle - Pessoal'!H38="c",'Controle - Pessoal'!G38,"0") -> 0 | K41: =IF('Controle - Pessoal'!L38="c",'Controle - Pessoal'!K38,"0") -> 0
C42: =IF('Controle - Pessoal'!D37="c",'Controle - Pessoal'!C37,"0") -> 0 | G42: =IF('Controle - Pessoal'!H39="c",'Controle - Pessoal'!G39,"0") -> 0 | K42: =IF('Controle - Pessoal'!L39="c",'Controle - Pessoal'!K39,"0") -> 0
C43: =IF('Controle - Pessoal'!D38="c",'Controle - Pessoal'!C38,"0") -> 0 | G43: =IF('Controle - Pessoal'!H40="c",'Controle - Pessoal'!G40,"0") -> 0 | K43: =IF('Controle - Pessoal'!L40="c",'Controle - Pessoal'!K40,"0") -> 0
C44: =IF('Controle - Pessoal'!D39="c",'Controle - Pessoal'!C39,"0") -> 0 | G44: =IF('Controle - Pessoal'!H41="c",'Controle - Pessoal'!G41,"0") -> 0 | K44: =IF('Controle - Pessoal'!L41="c",'Controle - Pessoal'!K41,"0") -> 0
C45: =IF('Controle - Pessoal'!D40="c",'Controle - Pessoal'!C40,"0") -> 0 | G45: Sem numeros | K45: Sem numeros
C46: =IF('Controle - Pessoal'!D41="c",'Controle - Pessoal'!C41,"0") -> 0 | G46: Sem numeros | K46: Sem numeros
C47: =IF('Controle - Pessoal'!D42="c",'Controle - Pessoal'!C42,"0") -> 0 | G47: Sem numeros | K47: Sem numeros
C48: =IF('Controle - Pessoal'!D43="c",'Controle - Pessoal'!C43,"0") -> 0 | G48: =IF('Controle - Pessoal'!H45="c",'Controle - Pessoal'!G45,"0") -> 0 | K48: =IF('Controle - Pessoal'!L45="c",'Controle - Pessoal'!K45,"0") -> 0
C49: =IF('Controle - Pessoal'!D44="c",'Controle - Pessoal'!C44,"0") -> 0 | G49: =IF('Controle - Pessoal'!H46="c",'Controle - Pessoal'!G46,"0") -> 0 | K49: =IF('Controle - Pessoal'!L46="c",'Controle - Pessoal'!K46,"0") -> 0
C50: =IF('Controle - Pessoal'!D45="c",'Controle - Pessoal'!C45,"0") -> 0 | G50: =IF('Controle - Pessoal'!H47="c",'Controle - Pessoal'!G47,"0") -> 0 | K50: =IF('Controle - Pessoal'!L47="c",'Controle - Pessoal'!K47,"0") -> 0
C51: =IF('Controle - Pessoal'!D46="c",'Controle - Pessoal'!C46,"0") -> 0 | G51: =IF('Controle - Pessoal'!H48="c",'Controle - Pessoal'!G48,"0") -> 0 | K51: =IF('Controle - Pessoal'!L48="c",'Controle - Pessoal'!K48,"0") -> 0
C52: =IF('Controle - Pessoal'!D47="c",'Controle - Pessoal'!C47,"0") -> 0 | G52: =IF('Controle - Pessoal'!H49="c",'Controle - Pessoal'!G49,"0") -> 0 | K52: =IF('Controle - Pessoal'!L49="c",'Controle - Pessoal'!K49,"0") -> 0
C53: =IF('Controle - Pessoal'!D48="c",'Controle - Pessoal'!C48,"0") -> 0 | G53: =IF('Controle - Pessoal'!H50="c",'Controle - Pessoal'!G50,"0") -> 0 | K53: Sem numeros
C54: =IF('Controle - Pessoal'!D49="c",'Controle - Pessoal'!C49,"0") -> 0 | G54: =IF('Controle - Pessoal'!H51="c",'Controle - Pessoal'!G51,"0") -> 0 | K54: Sem numeros
C55: =IF('Controle - Pessoal'!D50="c",'Controle - Pessoal'!C50,"0") -> 0 | G55: =IF('Controle - Pessoal'!H52="c",'Controle - Pessoal'!G52,"0") -> 0 | K55: Sem numeros
C56: =IF('Controle - Pessoal'!D51="c",'Controle - Pessoal'!C51,"0") -> 0 | G56: =IF('Controle - Pessoal'!H53="c",'Controle - Pessoal'!G53,"0") -> 0 | K56: =IF('Controle - Pessoal'!L53="c",'Controle - Pessoal'!K53,"0") -> 0
C57: =IF('Controle - Pessoal'!D52="c",'Controle - Pessoal'!C52,"0") -> 0 | G57: =IF('Controle - Pessoal'!H54="c",'Controle - Pessoal'!G54,"0") -> 0 | K57: =IF('Controle - Pessoal'!L54="c",'Controle - Pessoal'!K54,"0") -> 0
C58: =IF('Controle - Pessoal'!D53="c",'Controle - Pessoal'!C53,"0") -> 0 | G58: =IF('Controle - Pessoal'!H55="c",'Controle - Pessoal'!G55,"0") -> 0 | K58: =IF('Controle - Pessoal'!L55="c",'Controle - Pessoal'!K55,"0") -> 0
C59: =IF('Controle - Pessoal'!D54="c",'Controle - Pessoal'!C54,"0") -> 0 | G59: =IF('Controle - Pessoal'!H56="c",'Controle - Pessoal'!G56,"0") -> 0 | K59: =IF('Controle - Pessoal'!L56="c",'Controle - Pessoal'!K56,"0") -> 0
C60: =IF('Controle - Pessoal'!D55="c",'Controle - Pessoal'!C55,"0") -> 0 | G60: =IF('Controle - Pessoal'!H57="c",'Controle - Pessoal'!G57,"0") -> 0 | K60: =IF('Controle - Pessoal'!L57="c",'Controle - Pessoal'!K57,"0") -> 0
C61: =IF('Controle - Pessoal'!D56="c",'Controle - Pessoal'!C56,"0") -> 0 | G61: =IF('Controle - Pessoal'!H58="c",'Controle - Pessoal'!G58,"0") -> 0 | K61: =IF('Controle - Pessoal'!L58="c",'Controle - Pessoal'!K58,"0") -> 0
C62: =IF('Controle - Pessoal'!D57="c",'Controle - Pessoal'!C57,"0") -> 0 | G62: =IF('Controle - Pessoal'!H59="c",'Controle - Pessoal'!G59,"0") -> 0 | K62: =IF('Controle - Pessoal'!L59="c",'Controle - Pessoal'!K59,"0") -> 0
C63: =IF('Controle - Pessoal'!D58="c",'Controle - Pessoal'!C58,"0") -> 0 | G63: =IF('Controle - Pessoal'!H60="c",'Controle - Pessoal'!G60,"0") -> 0 | K63: =IF('Controle - Pessoal'!L60="c",'Controle - Pessoal'!K60,"0") -> 0
C64: =IF('Controle - Pessoal'!D59="c",'Controle - Pessoal'!C59,"0") -> 0 | G64: Sem numeros | K64: Sem numeros
C65: =IF('Controle - Pessoal'!D60="c",'Controle - Pessoal'!C60,"0") -> 0 | G65: Sem numeros | K65: Sem numeros
A66: Caixa | C66: =SUM(C10:C65) -> 0 | E66: Caixa | G66: =SUM(G10:G65) -> 0 | I66: Caixa | K66: =SUM(K10:K65) -> 0
A68: Receita Banco | E68: Despesas Fixas - Banco | I68: Despesas Variáveis - Banco
C69: =IF('Controle - Pessoal'!D5=0,"",IF(C10="0",'Controle - Pessoal'!C5)) | G69: =IF('Controle - Pessoal'!H7=0,"",IF(G10="0",'Controle - Pessoal'!G7)) | K69: =IF('Controle - Pessoal'!L7=0,"",IF(K10="0",'Controle - Pessoal'!K7))
C70: =IF('Controle - Pessoal'!D6=0,"",IF(C11="0",'Controle - Pessoal'!C6)) -> Valor (R$) | G70: =IF('Controle - Pessoal'!H8=0,"",IF(G11="0",'Controle - Pessoal'!G8)) | K70: =IF('Controle - Pessoal'!L8=0,"",IF(K11="0",'Controle - Pessoal'!K8))
C71: =IF('Controle - Pessoal'!D7=0,"",IF(C12="0",'Controle - Pessoal'!C7)) -> FALSE | G71: =IF('Controle - Pessoal'!H9=0,"",IF(G12="0",'Controle - Pessoal'!G9)) -> FALSE | K71: =IF('Controle - Pessoal'!L9=0,"",IF(K12="0",'Controle - Pessoal'!K9)) -> FALSE
C72: =IF('Controle - Pessoal'!D8=0,"",IF(C13="0",'Controle - Pessoal'!C8)) | G72: =IF('Controle - Pessoal'!H10=0,"",IF(G13="0",'Controle - Pessoal'!G10)) | K72: =IF('Controle - Pessoal'!L10=0,"",IF(K13="0",'Controle - Pessoal'!K10))
C73: =IF('Controle - Pessoal'!D9=0,"",IF(C14="0",'Controle - Pessoal'!C9)) -> 0 | G73: =IF('Controle - Pessoal'!H11=0,"",IF(G14="0",'Controle - Pessoal'!G11)) | K73: =IF('Controle - Pessoal'!L11=0,"",IF(K14="0",'Controle - Pessoal'!K11))
C74: =IF('Controle - Pessoal'!D10=0,"",IF(C15="0",'Controle - Pessoal'!C10)) | G74: =IF('Controle - Pessoal'!H12=0,"",IF(G15="0",'Controle - Pessoal'!G12)) | K74: =IF('Controle - Pessoal'!L12=0,"",IF(K15="0",'Controle - Pessoal'!K12))
C75: =IF('Controle - Pessoal'!D11=0,"",IF(C16="0",'Controle - Pessoal'!C11)) | G75: =IF('Controle - Pessoal'!H13=0,"",IF(G16="0",'Controle - Pessoal'!G13)) | K75: =IF('Controle - Pessoal'!L13=0,"",IF(K16="0",'Controle - Pessoal'!K13))
C76: =IF('Controle - Pessoal'!D12=0,"",IF(C17="0",'Controle - Pessoal'!C12)) | G76: =IF('Controle - Pessoal'!H14=0,"",IF(G17="0",'Controle - Pessoal'!G14)) | K76: =IF('Controle - Pessoal'!L14=0,"",IF(K17="0",'Controle - Pessoal'!K14))
C77: =IF('Controle - Pessoal'!D13=0,"",IF(C18="0",'Controle - Pessoal'!C13)) | G77: =IF('Controle - Pessoal'!H15=0,"",IF(G18="0",'Controle - Pessoal'!G15)) | K77: =IF('Controle - Pessoal'!L15=0,"",IF(K18="0",'Controle - Pessoal'!K15))
C78: =IF('Controle - Pessoal'!D14=0,"",IF(C19="0",'Controle - Pessoal'!C14)) | G78: =IF('Controle - Pessoal'!H16=0,"",IF(G19="0",'Controle - Pessoal'!G16)) | K78: =IF('Controle - Pessoal'!L16=0,"",IF(K19="0",'Controle - Pessoal'!K16))
C79: =IF('Controle - Pessoal'!D15=0,"",IF(C20="0",'Controle - Pessoal'!C15)) | G79: =IF('Controle - Pessoal'!H17=0,"",IF(G20="0",'Controle - Pessoal'!G17)) | K79: =IF('Controle - Pessoal'!L17=0,"",IF(K20="0",'Controle - Pessoal'!K17))
C80: =IF('Controle - Pessoal'!D16=0,"",IF(C21="0",'Controle - Pessoal'!C16)) | G80: =IF('Controle - Pessoal'!H18=0,"",IF(G21="0",'Controle - Pessoal'!G18)) | K80: =IF('Controle - Pessoal'!L18=0,"",IF(K21="0",'Controle - Pessoal'!K18))
... C125: =IF('Controle - Pessoal'!D61=0,"",IF(C66="0",'Controle - Pessoal'!C61)) | G125: =IF('Controle - Pessoal'!H63=0,"",IF(G66="0",'Controle - Pessoal'!G63)) | K125: =IF('Controle - Pessoal'!L63=0,"",IF(K66="0",'Controle - Pessoal'!K63))
A126: Banco | C126: =SUM(C69:C125) -> 0 | E126: Banco | G126: =SUM(G69:G125) -> 0 | I126: Banco | K126: =SUM(K69:K125) -> 0

Sheet Investimentos Pessoal
A1: Planilha de Controle Mensal - Investimentos - Pessoal
A2: Saldo Inicial Mês | J2: 0
A3: Mês: | C3: Janeiro/2025
A4: Controle Saldo Banco
A5: Nome dos investimentos | G5: Acumulado | H5: =C3 -> Janeiro/2025 | J5: Saldo a transferir
A6: Investimento Nubank | J6: =G6+H6 -> 0
A7: Dinheiro debaixo do cochão | J7: =G7+H7 -> 0
J8: =G8+H8 -> 0
J9: =G9+H9 -> 0
J10: =G10+H10 -> 0
A11: Total 01 | G11: =SUM(G6:G10) -> 0 | H11: =SUM(H6:H10) -> 0 | J11: =SUM(J6:K10) -> 0
